 Dungeon Crawl Stone Soup version 0.29-a0-813-g4a14ea37d6 (webtiles) character file.

Game seed: 8317634940693098242

15066 nicolae the Martial Artist (level 11, -2/77 HPs)
             Began as a White Draconian Transmuter on July 2, 2022.
             Was an Initiate of Gozag.
             Succumbed to their own poison gas
             ... on level 12 of the Dungeon on July 4, 2022.
             The game lasted 00:43:21 (17925 turns).

nicolae the Martial Artist (DrTm)                  Turns: 17925, Time: 00:43:23

Health: -2/77      AC: 14    Str: 12    XL:     11   Next: 97%
Magic:  20/20      EV: 12    Int: 17    God:    Gozag
Gold:   1830       SH:  5    Dex: 13    Spells: 0/22 levels left

rFire   + + .      SeeInvis .     - Unarmed
rCold   + + .      Faith    .   (no shield)
rNeg    . . .      Spirit   .   (body armour unavailable)
rPois   +          Reflect  +   M - +1 hat
rElec   +          Harm     .   c - +0 cloak
rCorr   +          Rampage  .   (no gloves)
Will    .....                   w - +0 pair of boots
Stlth   +.........              q - amulet of reflection
HPRegen 0.22/turn               E - +4 ring of protection
MPRegen 0.17/turn               N - ring of protection from fire

@: lethally poisoned (-2 -> -18), resistant, gold aura
A: breathe frost, AC +7, unfitting armour, cold resistance 1, cold-blooded
a: Breathe Frost, Renounce Religion, Potion Petition, Call Merchant, Bribe
Branch


You were on level 12 of the Dungeon.
You worshipped Gozag.
Gozag was most pleased with you.
You visited 3 branches of the dungeon, and saw 14 of its levels.

You collected 2791 gold pieces.
You spent 607 gold pieces at shops.
You paid 354 gold pieces to Gozag.

Inventory:

Missiles
 l - 21 poisoned darts
 t - 4 throwing nets
 B - 11 boomerangs
 H - 4 curare-tipped darts
 J - 10 javelins
Armour
 c - a +0 cloak (worn)
 w - a +0 pair of boots (worn)
 M - a +1 hat (worn)
Jewellery
 b - a ring of willpower
 n - a +6 ring of strength
 q - an amulet of reflection (around neck)
 r - a +4 ring of protection
 E - a +4 ring of protection (left hand)
 K - a ring of poison resistance
 N - a ring of protection from fire (right hand)
 Q - the ring "Jobrolabrek" {rPois rF- Will+ Dex+7 Stlth+}
   (You bought it in a shop on level 3 of the Dungeon)

   [ring of willpower]

   Dex:       It affects your dexterity (+7).
   rF:        It makes you vulnerable to fire.
   rPois:     It protects you from poison.
   Will:      It increases your willpower.
   Stlth:     It makes you more stealthy.
Wands
 d - a wand of light (9)
 h - a wand of paralysis (6)
 C - a wand of iceblast (8)
 O - a wand of mindburst (2)
Scrolls
 e - 3 scrolls of teleportation
 f - a scroll of fog
 o - a scroll of summoning {unknown}
 s - a scroll of blinking {unknown}
 v - a scroll of enchant armour {unknown}
 y - a scroll of noise {unknown}
 D - 2 scrolls of vulnerability {unknown}
 F - a scroll of fear {unknown}
 L - 2 scrolls of immolation {unknown}
 P - a scroll of silence {unknown}
Potions
 a - 4 potions of lignification
 g - 3 potions of curing
 i - 2 potions of might
 k - 3 potions of brilliance
 m - 4 potions of resistance
 p - a potion of magic
 u - a potion of invisibility
 x - 3 potions of mutation
 z - 3 potions of haste
 A - a potion of flight
 G - a potion of attraction
 I - a potion of ambrosia


   Skills:
 - Level 1.1 Fighting
 + Level 3.8 Throwing
 - Level 1.7 Dodging
 + Level 11.3 Unarmed Combat
 - Level 6.0 Spellcasting
 + Level 11.0 Transmutations
 + Level 9.0 Ice Magic
 + Level 1.7 Air Magic
 - Level 5.0 Poison Magic
 + Level 2.2 Evocations


You couldn't memorise any spells.
You knew the following spells:

 Your Spells              Type           Power      Damage    Failure   Level
a - Beastly Appendage     Tmut           84%        N/A       1%          1
b - Wereblood             Tmut           42%        N/A       1%          2
c - Spider Form           Tmut/Pois      32%        N/A       1%          3
d - Ice Form              Ice/Tmut       39%        N/A       1%          4
e - Dragon Form           Tmut           21%        N/A       75%         7
f - Passwall              Tmut/Erth      19%        N/A       1%          2
g - Swiftness             Air            11%        N/A       19%         3

Your spell library contained the following spells:

 Spells                   Type           Power      Damage    Failure   Level
 Ensorcelled Hibernation  Hex/Ice        40%        N/A       3%          2
 Portal Projectile        Hex/Tloc       10%        N/A       36%         3
 Eringya's Noxious Bog    Tmut/Pois      16%        N/A       58%         6
 Summon Mana Viper        Hex/Summ       5%         N/A       98%         5
 Haunt                    Necr/Summ      2%         N/A       100%        7
 Borgnjor's Revivificati  Necr           2%         N/A       100%        8
 Infestation              Necr           2%         N/A       100%        8
 Necromutation            Tmut/Necr      11%        N/A       100%        8
 Death's Door             Necr           2%         N/A       100%        9
 Animate Dead             Necr           Unusable   N/A       N/A         4

Dungeon Overview and Level Annotations

Branches:
Dungeon (12/15)            Temple (1/1) D:4            Lair (1/6) D:10
    Orc (0/2) D:12

Altars:
Ashenzari
Cheibriados
Dithmenos
Elyvilon
Fedhas
Gozag
Hepliaklqana
Kikubaaqudgha
Makhleb
Nemelex Xobeh
Okawaru
Qazlal
Ru
Sif Muna
Trog
Uskayaw
Vehumet
Wu Jian
Xom
Yredelemnul
Zin
The Shining One

Shops:
D:2 (   D:3 =

Annotations:
D:3 3 runed translucent doors, zhov's ghost, amateur DsFi
D:11 1 runed translucent door
D:12 2 runed translucent doors, Spectrina's ghost, journeyman HuMo
Lair:1 Amaemon


Innate Abilities, Weirdness & Mutations

You can breathe waves of freezing cold which knock back foes.
Your icy white scales are hard. (AC +7)
You cannot fit into any form of body armour.
Your flesh is cold resistant. (rC+)
You are cold-blooded and may be slowed by cold attacks.


Message History

You kill the centaur!
The centaur hits you but does no damage.
The centaur closely misses you.
Really read the scroll of poison?
The air fills with toxic fumes!
As you read the scroll of poison, it crumbles to dust.
You are engulfed in poison gas.
You are more poisoned.
* * * LOW HITPOINT WARNING * * *
x2 You feel extremely sick.
The centaur looks more healthy.
The centaur shoots an arrow.
The arrow hits you!
* * * LOW HITPOINT WARNING * * *
The centaur is engulfed in poison gas.
The centaur is poisoned.
The centaur barely misses you.
The centaur kicks you but does no damage.
You feel better.
You are engulfed in poison gas.
You are lethally poisoned!
* * * LOW HITPOINT WARNING * * *
x2 You feel very sick.
The centaur is engulfed in poison gas.
The centaur looks even sicker.
The centaur closely misses you.
The centaur kicks you but does no damage.
The centaur unwields a +0 shortbow.
You block the centaur's attack. The centaur closely misses you.
You feel better.
You are engulfed in poison gas.
You are lethally poisoned!
* * * LOW HITPOINT WARNING * * *
x2 You feel very sick.
The centaur is engulfed in poison gas.
The centaur looks even sicker.
You kill the centaur!
The centaur is distracted by your dazzling golden aura.
Okay, then. [a] - 300 gold - resistance [b] - 200 gold - might and brilliance [c] - 270 gold - resistance Purchase which effect?
You feel protected.
You die...
Your body crumbles into a pile of gold.

##########
#######§§§☼☼○§°#
#§○☼°○○§§☼§§☼○§#
#§§☼§§°○§§°§§§§#
#§§§§§☼§@☼○○○§○#
#§☼○○°☼c##########
#§§§§§○.......c...
...§°☼§○§c......ccc.
...§§§○§§§##########
...§§§§§§§#
...§###+### $ ....
##


You could see 2 centaurs.

Vanquished Creatures
  Harold (D:10)
  A two-headed ogre (D:11)
  A hydra (D:7)
  Erica (D:9)
  Urug (D:11)
  An ugly thing (D:11)
  Maurice (D:8)
  A gargoyle (D:10)
  2 cane toads (D:10)
  3 unseen horrors
  2 kobold demonologists (D:10)
  A hornet (D:10)
  3 trolls
  A vampire (D:10)
  2 wraiths (D:11)
  14 yaks
  A steam dragon (D:9)
  4 vampire mosquitoes
  An acid dragon (D:11)
  3 water moccasins
  Duvessa (D:5)
  2 orc warriors
  2 sky beasts
  6 black bears
  2 ice beasts
  An ogre (D:7)
  4 centaurs
  A kobold brigand (D:8)
  6 bullfrogs
  Blork the orc (D:4)
  A gnoll sergeant (D:7)
  4 necrophages
  3 scorpions
  9 wights
  Dowan (D:5)
  8 killer bees
  2 howler monkeys
  5 hounds
  4 jellies
  4 orc priests
  5 gnoll boudas
  8 iguanas
  3 orc wizards
  Robin (D:3)
  38 gnolls
  2 adders
  3 shadow imps
  4 ufetubi
  2 dart slugs
  20 orcs
  13 ball pythons
  6 endoplasms
  4 giant cockroaches
  12 hobgoblins
  3 jackals (D:2)
  14 kobolds
  4 quokkas
  4 bats
  A frilled lizard (D:1)
  16 goblins
  3 rats (D:3)
278 creatures vanquished.

Vanquished Creatures (others)
  3 fungi (D:3)
  3 plants
6 creatures vanquished.

Grand Total: 284 creatures vanquished

Notes
Turn   | Place    | Note
-------+----------+-------------------------------------------
     0 | D:1      | nicolae the Draconian Transmuter began the quest for the
                  | Orb.
     0 | D:1      | Reached XP level 1. HP: 16/16 MP: 3/3
   152 | D:1      | Found a faded altar of an unknown god.
   345 | D:1      | Reached XP level 2. HP: 23/23 MP: 3/5
   844 | D:1      | Learned a level 2 spell: Wereblood
   970 | D:2      | Reached XP level 3. HP: 28/28 MP: 4/6
   974 | D:2      | Learned a level 3 spell: Spider Form
  1505 | D:2      | Found Qytodecaac's Weapon Shoppe.
  2037 | D:3      | Reached XP level 4. HP: 27/35 MP: 4/8
  2067 | D:3      | Reached skill level 1 in Poison Magic
  2365 | D:3      | Found Huefost's Jewellery Emporium.
  2611 | D:3      | Found a runed translucent gate.
  2611 | D:3      | Noticed a kobold brigand
  2612 | D:3      | Found a runed translucent gate.
  2612 | D:3      | Found a runed translucent gate.
  2620 | D:3      | Noticed zhov's ghost (amateur DsFi)
  2674 | D:3      | Reached XP level 5. HP: 40/40 MP: 6/9
  2692 | D:3      | Learned a level 4 spell: Ice Form
  3037 | D:3      | Noticed Robin
  3100 | D:3      | Killed Robin
  3490 | D:4      | Noticed a black bear
  3494 | D:4      | Noticed Blork the orc
  3546 | D:4      | Found a staircase to the Ecumenical Temple.
  3626 | D:4      | Killed a black bear
  3627 | D:4      | Reached skill level 1 in Ice Magic
  3627 | D:4      | Reached XP level 6. HP: 27/47 MP: 9/11
  3644 | Temple   | Entered the Ecumenical Temple
  3898 | Temple   | Upgraded the game from 0.29-a0-789-g7a8fcbc185 to
                  | 0.29-a0-802-g34511f41fd
  3910 | Temple   | Became a worshipper of Gozag Ym Sagoz the Greedy
  4079 | D:4      | Killed Blork the orc
  4345 | D:4      | Found a basalt altar of Yredelemnul.
  4383 | D:4      | Your scales start taking on an icy white colour.
  4383 | D:4      | Reached XP level 7. HP: 52/52 MP: 9/12
  4383 | D:4      | Gained mutation: Your flesh is cold resistant. (rC+) [White
                  | Draconian growth]
  5114 | D:5      | Entered Level 5 of the Dungeon
  5163 | D:5      | Found an ornate altar of the Wu Jian Council.
  5224 | D:5      | Noticed Duvessa
  5224 | D:5      | Noticed Dowan
  5237 | D:5      | Killed Duvessa
  5238 | D:5      | Reached skill level 5 in Unarmed Combat
  5255 | D:5      | Killed Dowan
  5625 | D:4      | Reached XP level 8. HP: 57/59 MP: 12/14
  5633 | D:4      | Identified a scroll of acquirement
  5635 | D:4      | Acquired the Guide on Shifting Malediction
  6018 | D:5      | Found a burning altar of Makhleb.
  6019 | D:5      | Found a snail-covered altar of Cheibriados.
  6022 | D:5      | Found a broken altar of Ashenzari.
  6164 | D:5      | Found a shimmering blue altar of Sif Muna.
  6168 | D:5      | Found a sparkling altar of Nemelex Xobeh.
  6486 | D:5      | Reached skill level 5 in Transmutations
  6549 | D:5      | Reached skill level 5 in Spellcasting
  6638 | D:5      | Reached skill level 5 in Ice Magic
  7130 | D:6      | Found a bloodstained altar of Trog.
  7358 | D:6      | Reached skill level 5 in Poison Magic
  7358 | D:6      | Reached XP level 9. HP: 64/64 MP: 15/17
  7732 | D:6      | Learned a level 7 spell: Dragon Form
  9660 | D:7      | Noticed a four-headed hydra
  9677 | D:7      | Killed a four-headed hydra
  9678 | D:7      | Reached XP level 10. HP: 46/71 MP: 15/19
 10087 | D:7      | Noticed a guardian serpent
 10087 | D:7      | Noticed a cyclops
 10685 | D:7      | Noticed an elephant
 10700 | D:7      | an elephant changed into a komodo dragon
 10986 | D:8      | Noticed Maurice
 11003 | D:8      | Killed Maurice
 11217 | D:8      | Found an ancient bone altar of Kikubaaqudgha.
 11317 | D:8      | Learned a level 2 spell: Passwall
 11528 | D:9      | Noticed Erica
 11540 | D:9      | Killed Erica
 12024 | D:9      | Found an iron altar of Okawaru.
 12620 | D:10     | Entered Level 10 of the Dungeon
 12650 | D:10     | Reached skill level 10 in Unarmed Combat
 12652 | D:10     | Reached XP level 11. HP: 77/77 MP: 14/20
 12778 | D:10     | Noticed Harold
 12795 | D:10     | Killed Harold
 12796 | D:10     | Reached skill level 10 in Transmutations
 12920 | D:10     | Identified the +8 dagger "Ogorhexorr" {vorpal, rF- Dex+3}
 13273 | D:10     | Reached skill level 1 in Throwing
 14132 | D:10     | Found a staircase to the Lair.
 15693 | Lair:1   | Entered Level 1 of the Lair of Beasts
 15693 | Lair:1   | Noticed Amaemon
 16033 | D:11     | Noticed a green ugly thing
 16044 | D:11     | Killed a green ugly thing
 16147 | D:11     | Noticed Urug
 16162 | D:11     | Killed Urug
 16163 | D:11     | Reached skill level 1 in Evocations
 16371 | D:11     | Found a runed translucent door.
 16379 | D:11     | Learned a level 3 spell: Swiftness
 16779 | D:11     | Upgraded the game from 0.29-a0-802-g34511f41fd to
                  | 0.29-a0-813-g4a14ea37d6
 16916 | D:11     | Noticed a two-headed ogre
 16932 | D:11     | Killed a two-headed ogre
 16933 | D:11     | Reached skill level 1 in Air Magic
 17156 | D:3      | Bought the ring "Jobrolabrek" {rPois rF- Will+ Dex+7
                  | Stlth+} for 607 gold pieces
 17678 | D:11     | Noticed a fire crab
 17758 | D:12     | Found a runed translucent door.
 17763 | D:12     | Found a runed translucent door.
 17764 | D:12     | Noticed a +5 vorpal flail
 17764 | D:12     | Noticed a frost giant
 17764 | D:12     | Noticed a skeletal warrior
 17765 | D:12     | Noticed a lich
 17765 | D:12     | Noticed a six-headed hydra
 17765 | D:12     | Noticed a necromancer
 17765 | D:12     | Noticed Spectrina's ghost (journeyman HuMo)
 17821 | D:12     | Found a burning altar of Makhleb.
 17862 | D:12     | Found a staircase to the Orcish Mines.
 17923 | D:12     | HP: 1/77 [poisoned by you (poison gas)]
 17925 | D:12     | Succumbed to their own poison gas

Illustrated notes

Levels and vault maps discovered:
D:1:      ebering_trefoil_twist, layout_rooms, chequers_ecumenical_altar_island,
          minmay_pentomino_u4
D:2:      layout_loops_corners, serial_shops, shop, serial_glass,
          glass_columns_b, glass_columns_a, glass_columns_a, glass_columns_b,
          glass_columns_a, glass_columns_c, glass_columns_a, glass_columns_b,
          glass_columns_b, glass_columns_a, glass_columns_a, glass_columns_b,
          glass_columns_a, glass_columns_a, item_on_display_a, feat_on_display,
          feat_on_display
D:3:      layout_loops_ring, portal_sewer_entry_b,
          gammafunk_ghost_nasty_kobolds, serial_shops, shop, uniq_robin
D:4:      corexii_shack_village, layout_loops_ring,
          mainiacjoe_overflow_alcove_4, minmay_temple_entry_slanted,
          uniq_blork_the_orc
D:5:      minmay_bubble_buster, layout_loops_corners,
          chequers_temple_overflow_statue_of_worship, nicolae_overflow_squiral,
          nicolae_wu_jian_wuxing_cycle, uniq_duvessa
D:6:      layout_rooms, trog_ov_bears_minmay
D:7:      minmay_the_grid_plus_closed [minmay_the_grid_stretched_grid,
          minmay_the_grid_tree, minmay_the_grid_paths,
          minmay_the_grid_tiny_cups, minmay_the_grid_prize_diamond_cup],
          layout_layer_cave, nrook_loot_triangle
D:8:      layout_rooms, lemuel_doored_altar, uniq_maurice
D:9:      minmay_klotski, layout_basic, kennysheep_mini, minmay_strange_pillars,
          uniq_erica
D:10:     layout_gridville, lair_entry_dummy, uniq_harold
D:11:     gammafunk_mikee_crab_dinner, layout_loops_ring, uniq_urug
D:12:     layout_basic, orc_0_dummy, muffindrake_ghost_dual_entry,
          bloody_makhleb
Temple:   hellmonk_temple_flake
Lair:1:   wander_river, layout_chaotic_city, uniq_amaemon, uniq_joseph

Skill      XL: |  1  2  3  4  5  6  7  8  9 10 11 |
---------------+----------------------------------+-----
Transmutations | 3 4 5 7 9 11 | 11.0
Poison Magic   | 1 2 3 5 |  5.0
Spellcasting   | 3 4 5 6 |  6.0
Unarmed Combat | 4 5 6 7 10 11 | 11.3
Ice Magic      | 1 2 3 5 7 8 9 |  9.0
Throwing       | 3 |  3.8
Evocations     | 2 |  2.2
Air Magic      | 1 |  1.7
Fighting       | |  1.1
Dodging        | |  1.7

Action                   |  1- 3 |  4- 6 |  7- 9 | 10-12 || total
-------------------------+-------+-------+-------+-------++-------
Melee: Unarmed           |    85 |   170 |   417 |   381 ||  1053
       Tailslap          |    11 |    18 |    53 |     8 ||    90
       Kick              |    11 |    34 |    92 |    12 ||   149
       Headbutt          |     6 |    12 |    48 |     7 ||    73
       Punch             |     1 |     2 |    22 |     3 ||    28
Throw: Dart              |       |       |     1 |     3 ||     4
 Cast: Beastly Appendage |    14 |    16 |    30 |     7 ||    67
       Wereblood         |     1 |     4 |     5 |     8 ||    18
       Spider Form       |       |     1 |       |       ||     1
       Ice Form          |       |       |     5 |    31 ||    36
       Passwall          |       |       |       |     2 ||     2
Invok: Potion Petition   |       |       |       |     1 ||     1
 Abil: Breathe Frost     |       |       |     2 |     2 ||     4
       End Transformatio |       |       |       |     3 ||     3
Evoke: Wand              |       |       |       |     4 ||     4
  Use: Scroll            |       |     2 |     8 |    13 ||    23
       Potion            |       |     1 |     2 |    14 ||    17
 Stab: Sleeping          |     1 |     1 |       |       ||     2
       Invisible         |       |       |       |     1 ||     1
Armor: Skin              |    24 |    58 |   205 |   186 ||   473
Dodge: Dodged            |    56 |    92 |   253 |   168 ||   569
Block: Other             |     8 |    45 |    97 |    88 ||   238
       Reflection        |       |     1 |     3 |     3 ||     7

Table legend: (Time is in decaauts)
 A = Elapsed time spent in this place.
 B = Non-inter-level travel time spent in this place.
 C = Inter-level travel time spent in this place.
 D = Time resting spent in this place.
 E = Time spent auto-exploring this place.
 F = Levels seen in this place.
 G = Mean time per level.
                   A        B        C        D        E       F      G
               +--------+--------+--------+--------+--------+-----+--------+
         Total |  17807 |  17058 |    749 |   5421 |   7712 |  14 | 1271.9 |
       Dungeon |  17526 |  16788 |    738 |   5421 |   7471 |  12 | 1460.5 |
        Temple |    275 |    264 |     11 |      0 |    241 |   1 |  275.0 |
          Lair |      5 |      5 |      0 |      0 |      0 |   1 |    5.0 |
               +--------+--------+--------+--------+--------+-----+--------+

Top non-repeatable levels by time:
    D:10: 3076 daAuts
     D:7: 2366 daAuts
     D:5: 1670 daAuts
     D:4: 1639 daAuts
     D:9: 1486 daAuts
     D:3: 1444 daAuts
    D:11: 1417 daAuts
     D:6: 1333 daAuts
     D:2: 1223 daAuts
     D:1: 874 daAuts
     D:8: 793 daAuts
  Temple: 275 daAuts
    D:12: 199 daAuts
  Lair:1: 5 daAuts
